 Dungeon Crawl Stone Soup version 0.30-a0-782-ge64f9170bb (webtiles) character file.

Game seed: 1709748331496926744

38 senseless the Trooper (level 3, -1/36 (37) HPs)
             Began as an Ogre Gladiator on Mar 7, 2023.
             Slain by Crazy Yiuf
             ... wielding a +4 quarterstaff of chaos
              (4 damage)
             ... on level 2 of the Dungeon.
             The game lasted 00:03:19 (1853 turns).

senseless the Trooper (Ogre Gladiator)              Turns: 1853, Time: 00:03:20

HP:   -1/36 (37)    AC:  3    Str: 18    XL:     3   Next: 43%
MP:   3/3           EV: 10    Int:  9    God:
Gold: 139           SH:  0    Dex: 12    Spells: 2/2 levels left

rFire   . . .      SeeInvis .    a - +0 war axe
rCold   . . .      Faith    .    (no shield)
rNeg    . . .      Spirit   .    b - +0 robe
rPois   .          Reflect  .    c - +0 hat
rElec   .          Harm     .    (no cloak)
rCorr   .          Rampage  .    (gloves unavailable)
Will    .....                    (boots unavailable)
Stlth   +                        (no amulet)
HPRegen 0.26/turn                (no ring)
MPRegen 0.08/turn                (no ring)

@: lightly drained
A: large, unfitting armour, tough skin 1
a: no special abilities


You were on level 2 of the Dungeon.
You visited 1 branch of the dungeon, and saw 2 of its levels.

You collected 139 gold pieces.

Inventory:

Hand Weapons
 a - a +0 war axe (weapon)
Missiles
 d - 3 throwing nets (quivered)
 e - a large rock
 f - 2 poisoned darts
Armour
 b - a +0 robe (worn)
 c - a +0 hat (worn)
Scrolls
 i - 3 scrolls of teleportation
 j - a scroll of magic mapping
 k - a scroll of fog {unknown}
Potions
 g - a potion of mutation {unknown}
 h - 2 potions of ambrosia
 l - 2 potions of berserk rage {unknown}
 m - 2 potions of brilliance {unknown}
 n - a potion of curing {unknown}
 o - a potion of haste {unknown}


   Skills:
 + Level 3.4 Fighting
 + Level 3.4 Axes
 + Level 2.5 Throwing
 + Level 3.0 Dodging


You had 2 spell levels left.
You didn't know any spells.
Your spell library contained the following spells:

 Spells                   Type           Power      Damage    Failure   Level
 Gell's Gravitas          Tloc           0%         N/A       77%         3
 Teleport Other           Tloc           0%         N/A       77%         3
 Dispersal                Tloc           0%         N/A       100%        6


Dungeon Overview and Level Annotations

Branches:
Dungeon (2/15)

Altars:
Nemelex Xobeh

Annotations:
D:2 Crazy Yiuf


Innate Abilities, Weirdness & Mutations

You are too large for most types of armour.
You have tough skin. (AC +1)


Message History

A rat is nearby!
The rat bites you but does no damage.
You slash the rat!
You kill the rat!
No target in view!
You see here a +0 scale mail.
You see here a frilled lizard skeleton.
Found a stone staircase leading down.
There is a stone staircase leading down here.
Found a hammer.
Found a runed translucent door.
Crazy Yiuf shouts!
Crazy Yiuf screams, "Scoff snockshim forty-two!"
You see here a +0 club.
You now have 139 gold pieces (gained 12).
A giant cockroach comes into view.
Found a stone staircase leading down.
The helpless giant cockroach fails to defend itself.
You hit the giant cockroach but do no damage.
The giant cockroach closely misses you.
You slash the giant cockroach!
You kill the giant cockroach!
No target in view!
There is a stone staircase leading down here.
You see here a +0 club.
Crazy Yiuf shouts!
Crazy Yiuf screams, "Whippet!"
You open the door. You barely miss Crazy Yiuf. Crazy Yiuf barely misses you.
You closely miss Crazy Yiuf.
Crazy Yiuf cries, "Paint fast chair!"
Crazy Yiuf hits you with a +4 quarterstaff of chaos! x2
You feel drained.
You are too injured to fight recklessly!
You are too injured to fight recklessly!
You hit Crazy Yiuf but do no damage.
Crazy Yiuf says, "Crazy?
Crazy!?
PORCUPINE!"
Crazy Yiuf hits you with a +4 quarterstaff of chaos!
* * * LOW HITPOINT WARNING * * *
Crazy Yiuf burns you.
You die...

##.####...................
##..####.....###########.##
#...##..............# #...
##.#################.####..#
#..# #........ #.########
#.####..# #.##...#.### ###
#.#.....# #.......#..##...#
#....##.# #.....P####@g...#
##.....#.# ##.#..## ###..)#
#........# ###### ###
#........# #.......##
##.....### ###
#########......# # #>#
#............#.# # #.#
############.#.# # #.#
#.#.###


You could see Crazy Yiuf.

Vanquished Creatures
  A dart slug (D:1)
  A ball python (D:1)
  2 bats
  6 endoplasms
  3 giant cockroaches
  3 hobgoblins (D:2)
  5 jackals (D:1)
  A quokka (D:2)
  2 frilled lizards (D:2)
  2 goblins
  4 rats
30 creatures vanquished.

Vanquished Creatures (others)
  2 fungi (D:2)
2 creatures vanquished.

Grand Total: 32 creatures vanquished

Notes
Turn   | Place    | Note
-------+----------+-------------------------------------------
     0 | D:1      | senseless the Ogre Gladiator began the quest for the Orb.
     0 | D:1      | Reached XP level 1. HP: 22/22 MP: 1/1
   258 | D:1      | Reached XP level 2. HP: 26/31 MP: 2/2
   578 | D:1      | Found a faded altar of an unknown god.
   582 | D:1      | Prayed at the altar of an unknown god.
   582 | D:1      | Became a worshipper of Nemelex Xobeh the Trickster
   582 | D:1      | Reached * piety under Nemelex Xobeh
   583 | D:1      | Fell from the grace of Nemelex Xobeh
   816 | D:2      | Reached XP level 3. HP: 37/37 MP: 3/3
  1560 | D:2      | Found a runed translucent door.
  1561 | D:2      | Noticed Crazy Yiuf
  1853 | D:2      | Slain by Crazy Yiuf

Illustrated notes

Levels and vault maps discovered:
D:1:      nagdon_arrival_zigzag_paths, layout_basic, basic_ecumenical_altar,
          hangedman_decor_riveting
D:2:      layout_loops_ring, uniq_crazy_yiuf_cottage

Skill      XL: |  1  2 |
---------------+-------+-----
Fighting       | 3 |  3.4
Dodging        | 3 |  3.0
Axes           | |  3.4
Throwing       | |  2.5

Action                     || total
---------------------------++-------
  Melee: War axe           ||    82
 Invoke: Renounce Religion ||     1
    Use: Scroll            ||     3
   Stab: Sleeping          ||     2
 Armour: Robe              ||    32
  Dodge: Dodged            ||    52

Table legend: (Time is in decaauts)
 A = Elapsed time spent in this place.
 B = Non-inter-level travel time spent in this place.
 C = Inter-level travel time spent in this place.
 D = Time resting spent in this place.
 E = Time spent auto-exploring this place.
 F = Levels seen in this place.
 G = Mean time per level.
                   A        B        C        D        E       F      G
               +--------+--------+--------+--------+--------+-----+--------+
         Total |   1881 |   1751 |    130 |      6 |   1480 |   2 |  940.5 |
       Dungeon |   1881 |   1751 |    130 |      6 |   1480 |   2 |  940.5 |
               +--------+--------+--------+--------+--------+-----+--------+

Top non-repeatable levels by time:
     D:2: 1029 daAuts
     D:1: 852 daAuts
